 Dungeon Crawl Stone Soup version 0.30-a0-639-g3916f1956a (webtiles) character file.

Game seed: 16189660923147620163

3682 acebull12 the Cleaver (level 10, -5/74 HPs)
             Began as a Formicid Fighter on Jan 17, 2023.
             Shot with a sling bullet by Joseph (14 damage)
             ... on level 8 of the Dungeon.
             The game lasted 00:16:47 (9104 turns).

acebull12 the Cleaver (Formicid Fighter)            Turns: 9104, Time: 00:16:48

Health: -5/74      AC: 12    Str: 24    XL:     10   Next: 35%
Magic:  10/10      EV: 12    Int:  9    God:
Gold:   448        SH:  6    Dex: 19    Spells: 9/9 levels left

rFire   . . .      SeeInvis +    a - +0 war axe
rCold   + . .      Faith    .    c - +0 buckler
rNeg    . . .      Spirit   .    P - +0 acid dragon scales
rPois   .          Reflect  .    (helmet unavailable)
rElec   .          Harm     .    x - +0 cloak
rCorr   +          Rampage  .    s - +0 pair of gloves
Will    +....                    I - +0 pair of boots
Stlth   ++                       (no amulet)
HPRegen 0.32/turn                w - ring of protection from cold
MPRegen 0.12/turn                O - +6 ring of dexterity

@: studying Unarmed Combat
A: permanent stasis, dig shafts and tunnels, antennae 3, four strong arms
a: Dig, Shaft Self


You were on level 8 of the Dungeon.
You visited 2 branches of the dungeon, and saw 9 of its levels.
You also visited: Sewer.

You collected 448 gold pieces.

Inventory:

Hand Weapons
 a - a +0 war axe (weapon)
Missiles
 e - 61 stones (quivered)
 n - 9 poisoned darts
 D - 2 silver javelins
 J - 3 boomerangs
 K - 4 javelins
 N - a throwing net
Armour
 c - a +0 buckler (worn)
 s - a +0 pair of gloves (worn)
 x - a +0 cloak (worn)
 I - a +0 pair of boots (worn)
 P - +0 acid dragon scales (worn)
Jewellery
 w - a ring of protection from cold (left hand)
 y - an amulet of faith
 A - a ring of magical power
 E - a +6 ring of intelligence
 O - a +6 ring of dexterity (right hand)
Wands
 i - a wand of digging (7)
 k - a wand of flame (55)
 B - a wand of roots (5)
 F - a wand of quicksilver (14)
 M - a wand of paralysis (11)
Scrolls
 f - 3 scrolls of fog
 o - 5 scrolls of fear
 p - 5 scrolls of enchant weapon
 r - 2 scrolls of poison {unknown}
 t - a scroll of immolation {unknown}
 u - 2 scrolls of vulnerability {unknown}
 z - 2 scrolls of magic mapping {unknown}
 C - a scroll of silence {unknown}
 L - a scroll of blinking {unknown}
Potions
 d - 5 potions of might
 g - 6 potions of flight
 h - a potion of attraction {unknown}
 j - a potion of invisibility {unknown}
 l - 10 potions of curing
 m - a potion of mutation {unknown}
 q - 2 potions of lignification
 v - a potion of heal wounds
 G - 3 potions of ambrosia {unknown}
 H - 2 potions of brilliance {unknown}


   Skills:
 + Level 5.3 Fighting
 * Level 9.9 Axes
 * Level 4.6 Throwing
 * Level 7.6 Armour
 + Level 2.4 Dodging
 + Level 0.7 Stealth
 * Level 7.4 Shields


You had 9 spell levels left.
You didn't know any spells.
Your spell library contained the following spells:

 Spells                   Type           Power      Damage    Failure   Level
 Apportation              Tloc           0%         N/A       50%         1
 Necrotise                Necr           0%         1d4       50%         1
 Summon Small Mammal      Summ           0%         N/A       50%         1
 Anguish                  Hex/Necr       0%         N/A       99%         4
 Enfeeble                 Hex            0%         N/A       100%        7


Dungeon Overview and Level Annotations

Branches:
Dungeon (8/15)             Temple (1/1) D:6           Sewer (visited)
   Lair: D:8-11

Altars:
Ashenzari
Cheibriados
Fedhas
Gozag
Kikubaaqudgha
Makhleb
Qazlal
Ru
Sif Muna
Uskayaw
Vehumet
Yredelemnul
The Shining One

Shops:
D:1 =   D:2 *   D:3 *

Annotations:
D:8 Erica, Joseph


Innate Abilities, Weirdness & Mutations

You cannot be hasted, slowed, berserked, paralysed or teleported.
You can dig through walls and to a lower floor.
You have a pair of large antennae on your head. (SInv)
Your four strong arms can wield two-handed weapons with a shield.


Message History

Done exploring.
Done exploring.
There is a stone staircase leading down here.
You climb downwards.
You hear the roar of battle.
There is an entrance to a bailey on this level.
Hurry and find it before the portal closes forever!
The bullfrog gives a loud, deep croak!
Found a scroll of teleportation and 2 potions of degeneration.
There is a stone staircase leading up here.
Erica the Fiery-Tempered comes into view.
She is wielding a +2 scimitar of flaming.
Found a stone staircase leading down.
Erica shouts!
Found a book of Iron.
You barely miss the bullfrog. The bullfrog barely misses you.
You slash the bullfrog!
The bullfrog is heavily wounded.
The bullfrog hits you.
The bullfrog hits you but does no damage.
Erica gestures at you while chanting. The lance of force hits you!!
You are knocked back by the lance of force.
You climb upwards.
There is a stone staircase leading down here.
There is a stone staircase leading down here.
You climb downwards.
You hear the roar of battle.
There is an entrance to a bailey on this level.
Hurry and find it before the portal closes forever!
Level annotation: Erica Joseph shouts!
Found 3 stones.
There is a stone staircase leading up here.
Joseph unwields a +0 heavy quarterstaff.
Joseph wields a +0 sling.
Joseph shoots a sling bullet.
The sling bullet hits you!
Joseph shoots a sling bullet.
The sling bullet hits you!
Joseph shoots a sling bullet.
The sling bullet hits you.
Joseph shoots a sling bullet.
The sling bullet hits you!
* * * LOW HITPOINT WARNING * * *
Joseph shoots a sling bullet.
The sling bullet hits you!
You die...

# .. ...
....#############
.........##..(..##
.................##
.......@....<.....#
.....@............#
..................#
....................
##................##
#................#
##................#
##......#.....##..


You could see Joseph.

Vanquished Creatures
  Sigmund (D:2)
  A wyvern (D:7)
  An acid dragon (D:7)
  Edmund (D:6)
  2 water moccasins (D:7)
  An orc warrior (D:6)
  4 ice beasts
  5 black bears
  5 ogres
  2 bullfrogs
  A necrophage (D:6)
  4 scorpions
  A howler monkey (D:6)
  A vampire bat (D:3)
  2 jellies (D:6)
  7 hounds
  2 orc priests
  A gnoll bouda (D:6)
  Ijyb (D:4)
  5 iguanas
  7 orc wizards
  13 adders
  3 river rats (Sewer)
  2 shadow imps
  An ufetubus (D:6)
  3 dart slugs
  3 fire bats (D:3)
  33 orcs
  2 spectral bats (D:3)
  3 bat skeletons (D:3)
  A bat zombie (D:3)
  5 endoplasms
  7 giant cockroaches
  8 goblins
  4 hobgoblins
  2 jackals (D:2)
  3 kobolds
  2 quokkas
  9 ball pythons
  12 bats
  A bat simulacrum (D:3)
  10 frilled lizards
  9 rats
191 creatures vanquished.

Vanquished Creatures (others)
  14 fungi
  2 plants (D:3)
16 creatures vanquished.

Grand Total: 207 creatures vanquished

Notes
Turn   | Place    | Note
-------+----------+-------------------------------------------
     0 | D:1      | acebull12 the Formicid Fighter began the quest for the Orb.
     0 | D:1      | Reached XP level 1. HP: 18/18 MP: 1/1
   400 | D:1      | Found Monwouryne's Jewellery Emporium.
   547 | D:1      | Reached XP level 2. HP: 24/24 MP: 2/2
   709 | D:2      | Noticed Sigmund
   721 | D:2      | Killed Sigmund
   722 | D:2      | Reached skill level 3 in Axes
   722 | D:2      | Reached skill level 1 in Throwing
   722 | D:2      | Reached XP level 3. HP: 8/30 MP: 3/3
   722 | D:2      | Reached XP level 4. HP: 10/37 MP: 4/4
   722 | D:2      | Reached XP level 5. HP: 12/42 MP: 5/5
   782 | D:2      | Reached skill level 5 in Shields
  1230 | D:2      | Reached XP level 6. HP: 40/47 MP: 6/6
  1449 | D:2      | Found Viaq's General Store.
  1667 | D:3      | Found a blossoming altar of Fedhas.
  1958 | D:3      | Found a faded altar of an unknown god.
  1995 | D:3      | Found Vuarcha's Assorted Antiques.
  2138 | D:3      | Found an ancient bone altar of Kikubaaqudgha.
  2312 | D:3      | Reached skill level 4 in Axes
  2342 | D:3      | Reached skill level 1 in Dodging
  2390 | D:3      | Reached XP level 7. HP: 54/54 MP: 7/7
  2867 | D:4      | Found a stormy altar of Qazlal.
  2887 | D:4      | Noticed Ijyb
  2893 | D:4      | Killed Ijyb
  2939 | D:4      | Reached skill level 5 in Axes
  3072 | D:4      | Reached skill level 5 in Armour
  3129 | D:4      | Reached XP level 8. HP: 56/60 MP: 8/8
  3788 | D:5      | Entered Level 5 of the Dungeon
  3909 | D:5      | Reached skill level 6 in Axes
  4106 | D:5      | Found a glowing drain.
  4128 | Sewer    | Entered a sewer
  5306 | D:5      | Reached skill level 7 in Axes
  5947 | D:6      | Reached XP level 9. HP: 57/65 MP: 9/9
  6283 | D:6      | Noticed Edmund
  6295 | D:6      | Killed Edmund
  6350 | D:6      | Reached skill level 8 in Axes
  6543 | D:6      | Found a basalt altar of Yredelemnul.
  7092 | D:6      | Found a staircase to the Ecumenical Temple.
  7372 | Temple   | Entered the Ecumenical Temple
  7698 | D:6      | Reached skill level 9 in Axes
  8040 | D:7      | Reached skill level 5 in Fighting
  8046 | D:7      | Identified the +8 flail "Puthoc" {holy, Will+ Str+5 Int+4}
  8061 | D:7      | Reached XP level 10. HP: 64/74 MP: 10/10
  8069 | D:7      | HP: 2/74 [wyvern (4)]
  9086 | D:8      | Noticed Erica
  9099 | D:8      | Noticed Joseph
  9104 | D:8      | Shot with a sling bullet by Joseph

Illustrated notes

Levels and vault maps discovered:
D:1:      eino_arrival_water_cross, layout_loops_cross, serial_shops,
          nicolae_diamond_shop, minmay_misc_feat_tower
D:2:      minmay_skewed_foursquare, layout_rooms, serial_aquarium,
          aquarium_bridge_square [aquarium_subvault_wall,
          aquarium_subvault_bridge, aquarium_subvault_bridge,
          aquarium_subvault_balcony], aquarium_window_corridor_2,
          aquarium_window_fake, aquarium_window_corner, aquarium_view_4,
          serial_shops, nicolae_shop_hallway_plus, uniq_sigmund
D:3:      layout_basic, fedhas_altar_3, kiku_gazebo_pond_becter, serial_shops,
          nicolae_square_shop, shapermc_ecumenical_altar_acropolis,
          minmay_misc_feat_hallway, dreamdust_princess_corridor, goddamned_bats
D:4:      layout_layer_cave, mainiacjoe_overflow_paths, uniq_ijyb
D:5:      layout_basic, gup_sewer_entry_glass
D:6:      minmay_razor_zed, layout_basic, mainiacjoe_overflow_chevrons,
          temple_statues, uniq_edmund
D:7:      kennysheep_six_static_rooms, layout_loops_ring,
          chequers_serial_rivers_marsh, minmay_misc_feat_pillars
D:8:      layout_rooms, enter_bailey_5, hangedman_decor_slide_cut,
          minmay_manual_mail, uniq_erica, uniq_joseph, uniq_maggie, uniq_maurice
Temple:   kb_temple_of_zot

Skill      XL: |  1  2  3  4  5  6  7  8  9 10 |
---------------+-------------------------------+-----
Axes           | 3 4 5 7 9 |  9.9
Throwing       | 1 2 3 4 |  4.6
Armour         | 4 5 7 |  7.6
Shields        | 5 6 7 |  7.4
Fighting       | 4 5 |  5.3
Dodging        | 1 2 |  2.4
Stealth        | |  0.7

Action                   |  1- 3 |  4- 6 |  7- 9 | 10-12 || total
-------------------------+-------+-------+-------+-------++-------
Melee: War axe           |    37 |   152 |   435 |    69 ||   693
Throw: Stone             |       |       |     5 |       ||     5
 Abil: Dig               |       |     2 |     1 |       ||     3
  Use: Scroll            |       |       |    10 |       ||    10
       Potion            |       |       |       |     2 ||     2
Armor: Scale mail        |    17 |    93 |   181 |    30 ||   321
       Acid dragon scale |       |       |       |     1 ||     1
Dodge: Dodged            |    13 |   100 |   223 |    38 ||   374
Block: Buckler           |     4 |    43 |   112 |    22 ||   181

Table legend: (Time is in decaauts)
 A = Elapsed time spent in this place.
 B = Non-inter-level travel time spent in this place.
 C = Inter-level travel time spent in this place.
 D = Time resting spent in this place.
 E = Time spent auto-exploring this place.
 F = Levels seen in this place.
 G = Mean time per level.
                   A        B        C        D        E       F      G
               +--------+--------+--------+--------+--------+-----+--------+
         Total |   9327 |   8799 |    528 |    870 |   5910 |  10 |  932.7 |
       Dungeon |   8513 |   8012 |    501 |    775 |   5539 |   8 | 1064.1 |
        Temple |    135 |    108 |     27 |      0 |     87 |   1 |  135.0 |
         Sewer |    678 |    678 |      0 |     95 |    284 |   1 |  678.0 |
               +--------+--------+--------+--------+--------+-----+--------+

Top non-repeatable levels by time:
     D:6: 2163 daAuts
     D:5: 1260 daAuts
     D:4: 1246 daAuts
     D:7: 1197 daAuts
     D:3: 1045 daAuts
     D:2: 881 daAuts
     D:1: 708 daAuts
   Sewer: 678 daAuts
  Temple: 135 daAuts
     D:8: 10 daAuts
